 Dungeon Crawl Stone Soup version 0.18.1-8-gdd0e5ea (webtiles) character file.

91 PossumBlood the Skirmisher (level 4, 0/40 HPs)
             Began as a Formicid Fighter on May 25, 2016.
             Slain by Sigmund
             ... wielding a cursed -1 scythe
              (9 damage)
             ... on level 2 of the Dungeon.
             The game lasted 00:02:37 (1721 turns).

PossumBlood the Skirmisher (Formicid Fighter)       Turns: 1721, Time: 00:02:38

Health: 0/40       AC:  6    Str: 27    XL:     4   Next: 87%
Magic:  4/4        EV:  8    Int:  7    God:
Gold:   63         SH: 10    Dex: 10    Spells: 0 memorised, 3 levels left

rFire  . . .     SeeInvis +     a - +0 war axe
rCold  . . .     Gourm    .     b - +0 scale mail
rNeg   . . .     Faith    .     c - +0 shield
rPois  .         Spirit   .     (helmet unavailable)
rElec  .         Dismiss  .     (no cloak)
rCorr  +         Reflect  .     (no gloves)
SustAt .         Harm     .     (no boots)
MR     .....                    (no amulet)
Stlth  ..........               (no ring)
                                q - ring of resist corrosion

@: mighty, not resistant to hostile enchantments, extremely unstealthy
A: permanent stasis, dig shafts and tunnels, four strong arms, antennae 3
a: Dig, Shaft Self


You were on level 2 of the Dungeon.
You were not hungry.

You visited 1 branch of the dungeon, and saw 2 of its levels.

You collected 63 gold pieces.

Inventory:

Hand Weapons
 a - a +0 war axe (weapon)
Missiles
 o - 8 tomahawks (quivered)
Armour
 b - a +0 scale mail (worn)
 c - a +0 shield (worn)
Jewellery
 q - a ring of resist corrosion (left hand)
Scrolls
 i - a scroll of immolation {unknown}
 k - 3 scrolls of teleportation {unknown}
 m - 2 scrolls of remove curse {unknown}
 n - 3 scrolls of noise {unknown}
 r - a scroll of fear {unknown}
 t - a scroll of identify {unknown}
Potions
 e - a potion of cure mutation {unknown}
 g - a potion of invisibility {unknown}
 h - a potion of lignification {unknown}
 j - a potion of haste {unknown}
 p - a potion of agility {unknown}
 s - a potion of heal wounds {unknown}
Comestibles
 f - 4 bread rations
 l - 2 meat rations


   Skills:
 * Level 5.7 Fighting
 - Level 2.0 Axes
 - Level 3.2 Armour
 - Level 3.6 Shields


You had 3 spell levels left.
You didn't know any spells.

Dungeon Overview and Level Annotations

Branches:
Dungeon (2/15)

Altars:

Annotations:
D:2 Sigmund


Innate Abilities, Weirdness & Mutations

You are under a permanent stasis effect.
You can dig through walls and to a lower floor.
Your four strong arms can wield two-handed weapons with a shield.
You have a pair of large antennae on your head (SInv).


Message History

You are too injured to fight recklessly!
You are too injured to fight recklessly!
You are too injured to fight recklessly!
You are too injured to fight recklessly!
You are too injured to fight recklessly!
You are too injured to fight recklessly!
You are too injured to fight recklessly!
You are too injured to fight recklessly!
You are too injured to fight recklessly!
You are too injured to fight recklessly!
You are too injured to fight recklessly!
Drink which item? (? for menu, Esc to quit)
You feel very mighty all of a sudden. Sigmund barely misses you.
A kobold comes into view. It is wielding a short sword.
The kobold shouts!
You slash Sigmund!
Sigmund is moderately wounded.
Sigmund hits you with a scythe!
You die...

#.# #.# {
.# .. #####
...####...#
........#.#
K......@..#
#..####@.##
#.....†...#
#...#####.#
#.. #.# #..
#.# ... #.#
# #.#####.#
###.......#
#
.......(.##


You could see Sigmund and a kobold.

Vanquished Creatures
  Robin (D:2)
  2 adders (D:2)
  2 dart slugs
  4 giant geckos (D:2)
  A ball python (D:1)
  11 bats
  3 giant cockroaches
  5 goblins
  8 hobgoblins
  6 kobolds
  2 giant newts
  4 rats
49 creatures vanquished.

Notes
Turn   | Place    | Note
--------------------------------------------------------------
     0 | D:1      | PossumBlood the Formicid Fighter began the quest for the Orb.
     0 | D:1      | Reached XP level 1. HP: 18/18 MP: 1/1
   233 | D:1      | Reached XP level 2. HP: 18/25 MP: 2/2
   335 | D:1      | Reached skill level 4 in Fighting
   605 | D:1      | Reached XP level 3. HP: 25/31 MP: 3/3
  1079 | D:2      | Reached skill level 5 in Fighting
  1079 | D:2      | Reached XP level 4. HP: 39/39 MP: 4/4
  1088 | D:2      | Noticed Robin
  1103 | D:2      | Killed Robin
  1710 | D:2      | Noticed Sigmund
  1721 | D:2      | Slain by Sigmund

Skill      XL: |  1  2  3 |
---------------+----------+-----
Fighting       | 4 5 |  5.7
Axes           | |  2.0
Armour         | |  3.2
Shields        | |  3.6

Action                   |  1- 3 |  4- 6 || total
-------------------------+-------+-------++-------
Melee: War axe           |    75 |    67 ||   142
  Use: Potion            |       |     1 ||     1
  Eat: Bread ration      |     1 |       ||     1
Armor: Scale mail        |    41 |    32 ||    73
Dodge: Dodged            |    25 |    27 ||    52
Block: Shield            |    40 |    42 ||    82
